 Dungeon Crawl Stone Soup version 0.32-a0-468-g38b2580584 (webtiles) character file.

Game seed: 1069891115972631820

556 anacleto the Changeling (level 7, -1/66 HPs)
             Began as a Troll Shapeshifter on Feb 24, 2024.
             Slain by a killer bee (2 damage)
             ... on level 7 of the Dungeon.
             The game lasted 00:03:52 (913 turns).

anacleto the Changeling (Troll Shapeshifter)         Turns: 913, Time: 00:03:53

Health: -1/66      AC:  4    Str: 25    XL:     7   Next: 8%
Magic:  6/6        EV: 10    Int:  6    God:
Gold:   78         SH:  0    Dex:  9    Spells: 6/6 levels left

rFire   + .          .
                       - Unarmed
rCold   + . .        (no shield)
rNeg    . . .        a - +0 animal skin
rPois   .            (helmet currently unavailable)
rElec   .            (cloak currently unavailable)
rCorr   .            (gloves unavailable)
SInv    .            (boots unavailable)
Will    .....        (no amulet)
Stlth   +            i - ring of protection from fire
HPRegen 1.11/turn    (no ring)
MPRegen 0.10/turn

%: no passive effects
@: lethally poisoned (-1 -> -2), beast-form
A: beast (slay +3), large, unfitting armour, claws 3, regeneration 1, shaggy fur
1, tough skin 1, cold resistance 1
a: Begin Untransformation


You were on level 7 of the Dungeon.
You were a hulking beast.
You visited 1 branch of the dungeon, and saw 7 of its levels.

You collected 78 gold pieces.

Inventory:

Missiles
 f - 4 poisoned darts (quivered)
Armour
 a - a +0 animal skin (worn)
Jewellery
 i - a ring of protection from fire (left claw)
Talismans
 c - a beast talisman (active)
 d - a flux talisman
Scrolls
 e - a scroll of enchant weapon {unknown}
 g - a scroll of revelation {unknown}
 h - a scroll of immolation {unknown}
Potions
 b - a potion of curing {unknown}


   Skills:
 + Level 2.7 Fighting
 + Level 3.1 Dodging
 + Level 4.4 Unarmed Combat
 * Level 5.3 Shapeshifting


You had 6 spell levels left.
You didn't know any spells.
Your spell library was empty.

Dungeon Overview and Level Annotations

Branches:
Dungeon (7/15)
 Temple: D:4-7

Altars:


Innate Abilities, Weirdness & Mutations

You are a hulking beast.
Your limbs bulge with bestial killing power. (Slay +3)
You are too large for most types of armour.
You have claws for hands.
Your natural rate of healing is unusually fast.
You are covered in fur. (AC +1)
You have tough skin. (AC +1)
Your flesh is cold resistant. (rC+)


Message History

You feel sick. The killer bee stings you. x2
You feel sick. The killer bee barely misses you. The killer bee stings you.
You are more poisoned.
The killer bee poisons you! The killer bee barely misses you.
You feel sick. The killer bee barely misses you. The killer bee stings you!
Found a leather armour.
You feel sick.
The killer bee stings you but does no damage.
A killer bee comes into view.
The killer bee stings you.
You feel sick.
The killer bee stings you but does no damage.
The killer bee closely misses you.
You barely miss the killer bee.
You feel sick. The killer bee stings you. The killer bee misses you.
The killer bee stings you but does no damage.
The killer bee barely misses you. The killer bee closely misses you.
The killer bee stings you.
* * * LOW HITPOINT WARNING * * *
You are more poisoned.
The killer bee poisons you!
You barely miss the killer bee.
You feel very sick. The killer bee barely misses you.
The killer bee stings you but does no damage.
The killer bee barely misses you. The killer bee stings you.
* * * LOW HITPOINT WARNING * * *
The killer bee stings you but does no damage.
The killer bee stings you.
* * * LOW HITPOINT WARNING * * *
The killer bee completely misses you.
You closely miss the killer bee. Your claw misses the killer bee.
You feel sick. The killer bee stings you.
* * * LOW HITPOINT WARNING * * *
The killer bee barely misses you. x2
The killer bee stings you but does no damage.
The killer bee barely misses you. The killer bee closely misses you.
You closely miss the killer bee.
* * * LOW HITPOINT WARNING * * *
You feel sick. The killer bee closely misses you. The killer bee stings you.
You die...

.##...# ..# ..#....#
.#..#. ........##.
..[.. . #. #......#
...# #.
##.##......##...# ..
..#....># .....## #.
#......###.....##.
###..#.......yyy.......
.............yhh###...
..$..........5#y#
..............#.#
.........########
.!.......# .........#
.........# .........#
.......###


You could see a black bear, 5 killer bees and a white imp.

Vanquished Creatures
  Edmund (D:6)
  A water moccasin (D:5)
  A black bear (D:6)
  A phantom (D:5)
  A scorpion (D:4)
  A hound (D:5)
  An orc priest (D:3)
  An iguana (D:5)
  4 orcs
  A giant cockroach (D:1)
  4 goblins
  3 jackals (D:5)
  A ball python (D:3)
  2 kobolds
  2 rats
25 creatures vanquished.

Notes
Turn   | Place    | Note
-------+----------+-------------------------------------------
     0 | D:1      | anacleto the Troll Shapeshifter began the quest for the
                  | Orb.
     0 | D:1      | Reached XP level 1. HP: 18/18 MP: 0/0
    98 | D:3      | Noticed an orc priest
   102 | D:3      | Killed an orc priest
   103 | D:3      | Reached skill level 1 in Fighting
   103 | D:3      | Reached XP level 2. HP: 25/27 MP: 1/1
   103 | D:3      | Reached XP level 3. HP: 30/33 MP: 2/2
   240 | D:4      | Noticed a scorpion
   249 | D:4      | Killed a scorpion
   250 | D:4      | Reached XP level 4. HP: 42/42 MP: 3/3
   274 | D:4      | Reached skill level 4 in Shapeshifting
   282 | D:5      | Entered Level 5 of the Dungeon
   301 | D:5      | Reached XP level 5. HP: 32/49 MP: 4/4
   385 | D:5      | Noticed a water moccasin
   407 | D:5      | Gained mutation: Your flesh is cold resistant. (rC+)
                  | [potion of mutation]
   410 | D:5      | Killed a water moccasin
   411 | D:5      | Reached XP level 6. HP: 19/57 MP: 5/5
   690 | D:6      | Noticed Edmund
   712 | D:6      | Killed Edmund
   713 | D:6      | Reached skill level 5 in Shapeshifting
   885 | D:6      | Reached XP level 7. HP: 57/66 MP: 6/6
   912 | D:7      | HP: 2/66 [killer bee (3)]
   913 | D:7      | Slain by a killer bee

Illustrated notes

Levels and vault maps discovered:
D:1:      lightli_arrival_maybe_door_vault, layout_basic, serial_forest,
          infiniplex_forest_clump_tiny, infiniplex_forest_lined_3,
          infiniplex_forest_lined_3, infiniplex_forest_straight_2,
          infiniplex_forest_diagonal, infiniplex_forest_end_2,
          infiniplex_forest_end_1, infiniplex_forest_end_double,
          ebering_ecumenical_altar_rust
D:2:      layout_basic
D:3:      wad_pebble_path, layout_loops_ring, nicolae_overflow_crystal_walls,
          serial_shops, shop
D:4:      kennysheep_the_goblin_king, layout_basic, okawaru_ov_weapons_minmay
D:5:      layout_layer_cave, nicolae_tso_carved_into_rock,
          nicolae_ru_great_annihilating_truth, minmay_misc_feat_tower,
          dk_rats_in_the_wall, uniq_pikel
D:6:      layout_loops_ring, vehumet_statue, led_xom_imps,
          gammafunk_ghost_stat_death, hangedman_decor_peaks_small, uniq_maggie,
          uniq_crazy_yiuf_cottage, uniq_edmund
D:7:      layout_cave_pools, lemuel_mausoleum_altar_yredelemnul,
          mainiacjoe_overflow_alcove_2, minmay_temple_entry_glass,
          gup_ossuary_entry_pyramid, minmay_guarded_unrand_finisher

Skill      XL: |  1  2  3  4  5  6 |
---------------+-------------------+-----
Fighting       | 1 2 |  2.7
Dodging        | 2 3 |  3.1
Shapeshifting  | 4 5 |  5.3
Unarmed Combat | 4 |  4.4

Action                     |  1- 3 |  4- 6 |  7- 9 || total
---------------------------+-------+-------+-------++-------
  Melee: Unarmed           |    30 |    67 |     6 ||   103
         Punch             |       |     2 |       ||     2
  Throw: Dart              |       |     4 |       ||     4
    Use: Potion            |       |     3 |       ||     3
 Armour: Animal skin       |    21 |    57 |    27 ||   105
         Skin              |       |    15 |       ||    15
  Dodge: Dodged            |     8 |    36 |    17 ||    61

Table legend: (Time is in decaauts)
 A = Elapsed time spent in this place.
 B = Non-inter-level travel time spent in this place.
 C = Inter-level travel time spent in this place.
 D = Time resting spent in this place.
 E = Time spent auto-exploring this place.
 F = Levels seen in this place.
 G = Mean time per level.
                   A        B        C        D        E       F      G
               +--------+--------+--------+--------+--------+-----+--------+
         Total |    904 |    904 |      0 |    290 |    330 |   7 |  129.1 |
       Dungeon |    904 |    904 |      0 |    290 |    330 |   7 |  129.1 |
               +--------+--------+--------+--------+--------+-----+--------+

Top non-repeatable levels by time:
     D:5: 404 daAuts
     D:6: 205 daAuts
     D:3: 115 daAuts
     D:4: 78 daAuts
     D:1: 53 daAuts
     D:2: 30 daAuts
     D:7: 15 daAuts
